[Event "German-ch Blitz Women 2022"]
[Site "Magdeburg"]
[Date "2022.08.13"]
[Round "4.2"]
[White "Nikolaeva, Mariya A"]
[Black "Melamed, Tatjana"]
[Result "0-1"]
[ECO "B03"]
[WhiteElo "1309"]
[BlackElo "2380"]
[Annotator "TA"]
[PlyCount "54"]
[EventDate "2022.08.10"]
[EventType "tourn"]
[EventCountry "GER"]
[SourceTitle "playchess.com"]
[Source "ChessBase"]
[SourceQuality "1"]
[TimeControl "180+2"]

1. e4 Nf6 2. e5 Nd5 3. c4 Nb6 4. d4 d6 5. exd6 cxd6 6. Nf3 g6 7. Be2 Bg7 8. Be3 O-O 9. Nc3 Nc6 10. O-O Bg4 11. b3 Bxf3 12. Bxf3 e5 13. d5 ({White should try} 13. dxe5 $16 dxe5 14. c5) 13... Ne7 {[%emt 0:00:10][%cal Bc6e7,Be7f5,Bf5d4][%mdl 32] B04: Alekhine's Defence: 4 Nf3.} 14. Rc1 Nf5 15. Bd2 Nd4 {[%emt 0:00:03] The position is equal.} 16. Be2 Nd7 {[%emt 0:00:09][%cal Bb6d7,Bd7e5,Be5g4,Bg4e3][%mdl 32] [#]} 17. f4 $146 ({Predecessor:} 17. Be3 a6 18. Ne4 Qe7 19. Bxd4 exd4 20. Bd3 f5 21. Nd2 Rae8 22. Nf3 Nc5 23. Re1 {1-0 (46) Ghazarian,K (2427)-Boraso,A (2286) Chess.com INT 2022}) 17... Re8 18. Bd3 f5 (18... Nc5 $5 19. Bb1 e4 $11) 19. fxe5 {[%emt 0:00:12] Strongly threatening e6.} Nxe5 20. Bb1 (20. Bf4 $11 {keeps the balance.}) 20... Ng4 $1 $17 {[%emt 0:00:02][%cal Og4h2] 0x0.0002da1d050edp-1022s more active pieces. Pair of Knights!} 21. h3 (21. Bf4 $17) 21... Ne3 $19 22. Bxe3 Rxe3 23. Qd2 Qe7 24. Rce1 {[%emt 0:00:11] [#]} f4 (24... Bh6 $142 $1 {[%cal Oa8e8] Threatens to win with ...Re8!} 25. Qf2 Rf8) 25. Nd1 $2 (25. Bd3 $17 {is tougher.}) 25... Rxe1 $2 (25... Ne2+ $19 {has better winning chances.} 26. Kh1 Ng3+ 27. Kg1 Nxf1 28. Kxf1 {[#]} Re8 $1 29. Nxe3 fxe3) 26. Rxe1 $17 Qg5 27. Nf2 $2 (27. Kf1 $17) 27... Nf3+ {[%emt 0:00:02] Weighted Error Value: White=1.24/Black=0.55} 0-1

[Event "German-ch Blitz Women 2022"]
[Site "Magdeburg"]
[Date "2022.08.13"]
[Round "4.4"]
[White "Muetsch, Annmarie"]
[Black "Zschischang, Marine"]
[Result "1-0"]
[ECO "C02"]
[WhiteElo "2249"]
[BlackElo "2083"]
[Annotator "TA"]
[PlyCount "90"]
[EventDate "2022.08.10"]
[EventType "tourn"]
[EventCountry "GER"]
[SourceTitle "playchess.com"]
[Source "ChessBase"]
[SourceQuality "1"]
[TimeControl "180+2"]

1. e4 e6 2. d4 d5 3. e5 c5 4. c3 Nc6 5. Nf3 Qb6 6. a3 c4 7. Nbd2 Na5 8. Rb1 $1 {[%emt 0:00:04][%mdl 4] is now more promising than 8.Be2.} Bd7 9. Be2 Ne7 {[%emt 0:00:02] C02: French: Advance Variation.} 10. h4 Qc7 11. h5 h6 {[%emt 0:00:01] [#] The position is equal.} 12. g4 $146 ({Predecessor:} 12. Nf1 Nc8 13. Bf4 Nb6 14. Qd2 Ba4 15. Bd1 Qc6 16. Ne3 Qb5 17. O-O Bb3 18. Qe2 {1-0 (42) Sjugirov,S (2696)-Maghsoodloo,P (2716) Chess.com INT 2022}) 12... Nc8 13. Nf1 $1 Nb6 14. Ng3 O-O-O 15. Kf1 Kb8 16. Bf4 Ka8 17. Qd2 Be7 18. Kg2 Rdg8 19. g5 hxg5 20. Nxg5 Be8 21. Qe3 Qd8 22. Rbg1 Nc6 23. Kf1 (23. Bd1 $15) 23... Na4 $19 24. Qc1 Qb6 25. Bd1 (25. Qc2 $142) 25... Qxb2 $4 {[%emt 0:00:20][%mdl 8192] [#]} 26. Bxa4 $18 Bxa3 27. Qxb2 Bxb2 28. Bd2 Nd8 29. Bxe8 Rxe8 30. Ke2 f6 (30... b6 {was worth a try.} 31. f4 f5) 31. Nf3 Ba3 (31... f5 $142 32. Nf1 Rh7) 32. h6 gxh6 33. Rxh6 (33. exf6 $142 Bd6 34. Ne5) 33... Rxh6 34. Bxh6 fxe5 35. Nxe5 Bd6 (35... b5 {might work better.} 36. Rb1 a6) 36. Bf4 Bxe5 37. Bxe5 b5 38. Nh5 Kb7 (38... Nf7 $142 39. Nf6 Rh8) 39. Nf6 Re7 40. Bd6 Rf7 41. Ng4 Nc6 42. Ne5 Nxe5 43. dxe5 {[%emt 0:00:02] And now Rg6 would win.} ({Not} 43. Bxe5 a5 $16) 43... Rh7 (43... Kc6 $142 44. Rg6 Kd7) 44. Ke3 {[#] Hoping for Rg6.} a5 45. Kd4 $2 ({White should play} 45. Rg6 $18) 45... Kc6 {Weighted Error Value: White=0.47/Black=0.47} 1-0

[Event "German-ch Blitz Women 2022"]
[Site "Magdeburg"]
[Date "2022.08.13"]
[Round "4.5"]
[White "Daemering, Katrin"]
[Black "Schuster, Rebekka"]
[Result "1-0"]
[ECO "C00"]
[WhiteElo "1965"]
[BlackElo "1815"]
[Annotator "TA"]
[PlyCount "48"]
[EventDate "2022.08.10"]
[EventType "tourn"]
[EventCountry "GER"]
[SourceTitle "playchess.com"]
[Source "ChessBase"]
[SourceQuality "1"]
[TimeControl "180+2"]

1. e4 e6 2. d3 d5 3. Qe2 Nf6 4. e5 Nfd7 5. Nf3 c5 6. g3 Nc6 7. Bg2 Be7 8. O-O O-O 9. h4 f6 {[%emt 0:00:16] C00: French: Unusual White 2nd moves.} 10. exf6 Nxf6 {[%emt 0:00:02] [#]} 11. Re1 $146 ({Predecessor:} 11. Bf4 Ng4 12. Bg5 Bf6 13. c3 h6 14. Bxf6 Qxf6 15. Nbd2 Bd7 16. Rae1 Rae8 17. Nh2 Nxh2 18. Kxh2 {1-0 (39) Svetushkin,D (2587)-Dzagnidze,N (2458) Kavala 2008}) 11... Bd6 {[%emt 0:00:25] Black is slightly better.} 12. Nc3 e5 (12... h6 $15) 13. Bg5 $11 Bb8 14. Nh2 {[%emt 0:00:23] Prevents Bg4.} (14. Bxf6 $11 gxf6 15. Nd2) 14... Qd6 $2 (14... Be6 $1 $17 {keeps the pressure on.}) 15. Bxf6 $16 {[%emt 0:00:10] White is more active.} Rxf6 (15... gxf6 $16 16. Bxd5+ Kh8) 16. Nxd5 Rf8 17. c3 Be6 {[%emt 0:00:16] [#]} 18. Ne3 ({Much less strong is} 18. Qe4 $6 Qd7 $16) 18... Qe7 19. Rad1 Qf7 20. Rf1 Bc7 21. Nf3 {[%emt 0:00:08] Strongly threatening Ng5.} Rad8 (21... h6 $16 22. Nd2 Qd7) 22. Ng5 $18 {[%emt 0:00:02] Pair of Knights!} Qe7 {[%emt 0:00:01] [#]} (22... Qe8 $142 23. Nd5 Bb6 24. Nxe6 (24. Qe4 Bf5 $18) 24... Qxe6) 23. Nxe6 ({Not} 23. Qh5 h6 24. Nxe6 Qxe6 $16) (23. Nd5 $142 $1 Bxd5 (23... Rxd5 24. Qe4) 24. Bxd5+ Kh8 25. Qe4) 23... Qxe6 24. Nc4 Rde8 {Weighted Error Value: White=0.31/Black=0.54} 1-0

[Event "German-ch Blitz Women 2022"]
[Site "Magdeburg"]
[Date "2022.08.13"]
[Round "4.6"]
[White "Khrapko, Marharyta"]
[Black "Fock, Sana"]
[Result "1-0"]
[ECO "B50"]
[WhiteElo "2128"]
[BlackElo "1807"]
[Annotator "RC"]
[PlyCount "148"]
[EventDate "2022.08.10"]
[EventType "tourn"]
[EventCountry "GER"]
[SourceTitle "playchess.com"]
[Source "ChessBase"]
[SourceQuality "1"]
[TimeControl "180+2"]

1. e4 c5 2. Nf3 d6 3. c3 Nc6 4. Bd3 g6 5. h3 Bg7 6. Bc2 Nf6 7. O-O e5 8. a3 O-O 9. Re1 h6 10. d3 Be6 11. Be3 Kh7 12. Qd2 Ng8 13. d4 cxd4 14. cxd4 exd4 15. Bf4 Be5 16. Nxe5 dxe5 17. Bg3 Rc8 18. f4 exf4 19. Bxf4 Qh4 20. Bd3 a6 21. Rf1 f5 22. Qe2 fxe4 23. Qxe4 Bf5 24. Qe2 Bxd3 25. Qxd3 Rxf4 26. Nd2 Rcf8 27. Rfe1 Qf2+ 28. Kh1 Qh4 29. Nb3 Rf2 30. Nc5 Rxg2 31. Kxg2 Rf2+ 32. Kg1 Rf5 33. Re4 Qg5+ 34. Rg4 Qe3+ 35. Qxe3 dxe3 36. Nxb7 Nge7 37. Re4 Re5 38. Nd6 Rxe4 39. Nxe4 Nd4 40. Nc3 Nc2 41. Rc1 e2 42. Nxe2 Ne3 43. Rc7 N3f5 44. Nd4 Kg8 45. Nxf5 Nxf5 46. Rc6 Kf7 47. Rxa6 Ne3 48. b4 Nd5 49. b5 Ke7 50. Rxg6 Nf4 51. Rxh6 Kd7 52. h4 Ne2+ 53. Kf2 Nd4 54. b6 Kc8 55. Rh7 Ne6 56. b7+ Kb8 57. h5 Nd4 58. h6 Nf5 59. Kf3 Nh4+ 60. Kg4 Ng6 61. Kf5 Nh4+ 62. Ke6 Ng6 63. Kf7 Ne5+ 64. Kg8 Ng4 65. Kg7 Ne5 66. Rh8+ Kxb7 67. h7 Nf3 68. Rg8 Ng5 69. h8=Q Ne6+ 70. Kf6 Nc5 71. Qg7+ Kb6 72. Qg1 Kb5 73. Rb8+ Kc4 74. Rc8 Kd5 1-0

[Event "German-ch Blitz Women 2022"]
[Site "Magdeburg"]
[Date "2022.08.13"]
[Round "4.7"]
[White "Grabowski, Petra"]
[Black "Heil, Marina"]
[Result "0-1"]
[ECO "A80"]
[WhiteElo "1643"]
[BlackElo "1926"]
[Annotator "TA"]
[PlyCount "72"]
[EventDate "2022.08.10"]
[EventType "tourn"]
[EventCountry "GER"]
[SourceTitle "playchess.com"]
[Source "ChessBase"]
[SourceQuality "1"]
[TimeControl "180+2"]

1. d4 f5 2. h4 Nf6 3. h5 e6 4. h6 g6 5. Nc3 {[%emt 0:00:02] [#]} d6 $146 ({Predecessor:} 5... b6 6. Bg5 Bb7 7. Nf3 Be7 8. e3 O-O 9. Bc4 Ne4 10. Nxe4 fxe4 11. Bxe7 Qxe7 {1-0 (53) Vovk,O (2315)-Osmonbekov,T (2137) Chess.com INT 2022}) 6. Bg5 {[%emt 0:00:03][%cal Oe2e4] A80: Dutch Defence: Unusual White second moves.} Be7 7. f3 Nbd7 8. Qd2 {[%emt 0:00:12] The position is equal.} O-O 9. e4 a6 (9... Nh5 $11 {keeps the balance.} 10. Bxe7 Qxe7) 10. exf5 $16 exf5 11. O-O-O {[%emt 0:00:05] Bc4+ is the strong threat.} b5 {[%emt 0:00:19] Against Bc4+} 12. g4 (12. Nh3 $14 {keeps the upper hand.}) 12... fxg4 $17 13. fxg4 Nxg4 $2 (13... b4 $17 {and life is bright.} 14. Nb1 (14. Bc4+ Kh8 $17) 14... Ne4 15. Bxe7 Qxe7) 14. Bxe7 $16 Qxe7 15. Re1 Qf7 ({Black should try} 15... Qd8 $14) 16. Bh3 $2 (16. Bg2 $16 {is forced if you want to stay better.} Nb6 17. Bxa8 Nxa8 18. Nh3) 16... Ndf6 (16... b4 $17 17. Nd1 {[#]} (17. Bxg4 $2 bxc3 18. bxc3 Nb6 $19) 17... Qxa2 $1 18. Qxb4 Rb8) 17. Rf1 $2 {[%emt 0:00:08] This costs White the game.} (17. Bg2 $15 Rb8 18. Nh3) 17... b4 $19 18. Nd1 (18. Nb1 {only move.}) 18... Qxa2 {[%emt 0:00:04][%cal Ra2a1] [#]} 19. Qe2 (19. Qd3 $142) 19... Qa1+ 20. Kd2 Bf5 21. Rxf5 gxf5 22. Qe6+ Rf7 23. Bxg4 Re8 ({Inferior is} 23... Nxg4 24. Nf3 Qa4 25. Ng5 $17) 24. Qc4 Ne4+ 25. Ke1 Nc3+ 26. Kf2 fxg4+ {[%emt 0:00:01] Black mates.} 27. Kg3 Qxd1 28. Nf3 Qxf3+ 29. Kh4 Qf6+ 30. Kg3 Re3+ 31. Kg2 Re2+ 32. Kg3 Qf3+ 33. Kh4 Qxh1+ 34. Kg5 Qf3 35. bxc3 Qf6+ 36. Kh5 Rh2+ {[%emt 0:00:01] Weighted Error Value: White=1.29/Black=0.50} 0-1

[Event "German-ch Blitz Women 2022"]
[Site "Magdeburg"]
[Date "2022.08.13"]
[Round "4.8"]
[White "Braun, Kristin"]
[Black "Leveikina, Jevgenija"]
[Result "1-0"]
[ECO "B13"]
[WhiteElo "1897"]
[BlackElo "2061"]
[Annotator "NA RC"]
[PlyCount "129"]
[EventDate "2022.08.10"]
[EventType "tourn"]
[EventCountry "GER"]
[SourceTitle "playchess.com"]
[Source "ChessBase"]
[SourceQuality "1"]
[TimeControl "180+2"]

1. e4 c6 2. d4 d5 3. exd5 cxd5 4. c4 Nf6 5. Nf3 Nc6 6. Nc3 g6 7. Bf4 Bg7 8. Be2 O-O 9. O-O a6 10. b3 Bf5 11. Rc1 Rc8 12. Re1 dxc4 13. bxc4 h5 14. d5 Nb4 15. a3 a5 16. axb4 axb4 17. Nb5 Ne4 18. Be5 Qb6 19. Bd4 Qa5 20. Bxg7 Kxg7 21. Nfd4 Qb6 22. Nxf5+ gxf5 23. Qd4+ Qxd4 24. Nxd4 f4 25. Bxh5 Nc3 26. Nf5+ Kf6 27. Nxe7 Rxc4 28. d6 Kg5 29. Bf3 Rd8 30. Nd5 Rxd6 31. Nxc3 bxc3 32. Bxb7 Rd2 33. h3 Rb4 34. Rxc3 Rxb7 35. Rc5+ f5 36. g4 Rbb2 37. Rxf5+ Kg6 38. Re6+ Kg7 39. Rxf4 Rd1+ 40. Kg2 Rbb1 41. Rc6 Rg1+ 42. Kf3 Rb3+ 43. Ke4 Rxh3 44. Kf5 Ra3 45. Re4 Ra5+ 46. Re5 Rxe5+ 47. Kxe5 Rxg4 48. f4 Rg1 49. Rc7+ Kg6 50. f5+ Kh6 51. Kf6 Ra1 52. Rc6 Kh7 53. Rc7+ Kg8 54. Ke7 Re1+ 55. Kf6 Ra1 56. Rc8+ Kh7 57. Rc6 Rb1 58. Rd6 Ra1 59. Ke7 Ra7+ 60. Rd7 Ra1 61. f6 Kg6 62. f7 Re1+ 63. Kd8 Rf1 64. Ke8 Re1+ 65. Re7 1-0

[Event "German-ch Blitz Women 2022"]
[Site "Magdeburg"]
[Date "2022.08.13"]
[Round "4.9"]
[White "Skibbe, Diana"]
[Black "Kosovska, Olena"]
[Result "0-1"]
[ECO "B32"]
[WhiteElo "1943"]
[BlackElo "1831"]
[Annotator "TA"]
[PlyCount "70"]
[EventDate "2022.08.10"]
[EventType "tourn"]
[EventCountry "GER"]
[SourceTitle "playchess.com"]
[Source "ChessBase"]
[SourceQuality "1"]
[TimeControl "180+2"]

1. e4 c5 2. Nf3 Nc6 3. d4 cxd4 4. Nxd4 e5 5. Nb5 a6 6. Nd6+ Bxd6 7. Qxd6 Qf6 8. Qd1 Qg6 9. Nc3 Nge7 10. Be3 O-O 11. h4 {[%emt 0:00:18][%cal Bh2h4,Bh4h5][%mdl 32] B32: Sicilian: Löwenthal and Kalashnikov Variations.} b5 (11... d5 $142 12. h5 (12. exd5 Nb4 $14) 12... Qd6) 12. h5 $16 Qe6 {[%emt 0:00:05] [#]} 13. Nd5 $146 {[%emt 0:00:13] White is clearly better.} ({Predecessor:} 13. g4 Rd8 14. g5 f5 15. Nd5 Qf7 16. g6 hxg6 17. Bg5 gxh5 18. Nxe7+ Nxe7 19. Bxe7 Qxe7 20. Qd5+ {1-0 (20) Gazic,J (2270)-Mueller,J (2076) Kaufungen 2003}) 13... Rb8 14. g3 (14. Bc5 $16) 14... f5 15. Bh3 Qf7 16. Bc5 {[%emt 0:00:23] aiming for Nxe7+.} fxe4 $2 (16... Bb7 $1 $11 {and Black stays safe.}) 17. Nxe7+ $18 Nxe7 {[%emt 0:00:03] [#]} 18. O-O $4 (18. Qd6 $1 $18 {[%cal Rd6b8] is the narrow road to win.} e3 19. Rf1) 18... d5 $2 {[%emt 0:00:21] Black converts the advantage convincingly.} (18... d6 $1 $19 19. Bxc8 Rbxc8 20. Qxd6 Nf5) 19. Bd6 $2 (19. Bxc8 $11 Rbxc8 20. Bxe7 Qxe7 21. Qxd5+ Qf7 22. Qxe4) 19... Bxh3 $19 20. Qe2 Bxf1 21. Rxf1 Rb6 22. Bc5 Rh6 23. g4 Rc6 24. Be3 d4 25. Bc1 Qf3 26. Qxf3 Rxf3 27. Kg2 Rxc2 28. Bg5 Nd5 {[%emt 0:00:02] [#] ( -> ...Ne3+)} 29. b3 Nf4+ {[%emt 0:00:02] Black mates.} 30. Bxf4 Rxf4 31. Kg3 Rc3+ 32. Kh4 e3 33. f3 e2 34. Re1 d3 35. Kg5 Rxf3 {[%emt 0:00:04] Weighted Error Value: White=1.78/Black=0.97} 0-1

[Event "German-ch Blitz Women 2022"]
[Site "Magdeburg"]
[Date "2022.08.13"]
[Round "4.10"]
[White "Rath, Alina"]
[Black "Falke, Ornella"]
[Result "1-0"]
[ECO "A22"]
[WhiteElo "2062"]
[BlackElo "1912"]
[Annotator "NA RC"]
[PlyCount "151"]
[EventDate "2022.08.10"]
[EventType "tourn"]
[EventCountry "GER"]
[SourceTitle "playchess.com"]
[Source "ChessBase"]
[SourceQuality "1"]
[TimeControl "180+2"]

1. c4 Nf6 2. Nc3 e5 3. g3 c6 4. d4 exd4 5. Qxd4 Na6 6. a3 Bc5 7. Qd1 O-O 8. Bg2 Re8 9. e3 Nc7 10. b4 Bf8 11. Nge2 d5 12. cxd5 cxd5 13. O-O Bg4 14. h3 Bh5 15. g4 Bg6 16. Bb2 Rc8 17. Ng3 a5 18. b5 Qd6 19. a4 Ne4 20. Nce2 Ne6 21. Bd4 N6c5 22. Rc1 Ne6 23. Bf3 Qb4 24. Rxc8 Rxc8 25. Nxe4 dxe4 26. Bg2 Nxd4 27. Nxd4 Bc5 28. Ne2 b6 29. Ng3 Re8 30. Qd7 Rf8 31. Qd1 Qc4 32. Qb1 Qe6 33. Rd1 Re8 34. Qc2 h6 35. Qd2 Bb4 36. Qd7 Kh7 37. Qxe6 Rxe6 38. Rd7 Re5 39. Rb7 Bc5 40. Rd7 f5 41. Ne2 fxg4 42. hxg4 Be8 43. Rd8 Kg6 44. Nf4+ Kf7 45. Bh3 h5 46. gxh5 Kf6 47. Ne6 Bxh5 48. Nxc5 Rxc5 49. Rd6+ Ke7 50. Rxb6 Rc4 51. Ra6 Rxa4 52. b6 Ra1+ 53. Kh2 Be2 54. Ra7+ Kf6 55. b7 Rb1 56. Bc8 Bf3 57. b8=Q Rxb8 58. Bh3 Rh8 59. Kg3 Bd1 60. Rxa5 Rd8 61. Ra6+ Kf7 62. Kf4 Bc2 63. Rc6 Bd3 64. Bf5 Re8 65. Bg6+ Ke7 66. Bxe8 Kxe8 67. Ke5 Ke7 68. Rc7+ Kf8 69. Kf5 Bb1 70. Kg6 Bd3 71. Rxg7 Be2 72. Rc7 Bf3 73. Kf6 Ke8 74. Ke5 Kd8 75. Rc4 Kd7 76. Rxe4 1-0

[Event "German-ch Blitz Women 2022"]
[Site "Magdeburg"]
[Date "2022.08.13"]
[Round "4.11"]
[White "Kunze, Kerstin"]
[Black "Stangl, Anita"]
[Result "1-0"]
[ECO "C00"]
[WhiteElo "2020"]
[BlackElo "2023"]
[Annotator "NA RC"]
[PlyCount "119"]
[EventDate "2022.08.10"]
[EventType "tourn"]
[EventCountry "GER"]
[SourceTitle "playchess.com"]
[Source "ChessBase"]
[SourceQuality "1"]
[TimeControl "180+2"]

1. e4 e6 2. Qe2 b6 3. Nf3 Bb7 4. g3 d6 5. Bg2 Nf6 6. d3 Be7 7. O-O O-O 8. b3 d5 9. e5 Nfd7 10. d4 Ba6 11. c4 c5 12. Bb2 Nc6 13. Rd1 Rc8 14. Nbd2 cxd4 15. Bxd4 Nxd4 16. Nxd4 Qc7 17. N2f3 dxc4 18. Rac1 c3 19. Qxa6 Nxe5 20. Nxe5 Qxe5 21. Qe2 Qc5 22. Qe3 Bf6 23. Nf3 Qa5 24. Qe2 Rfd8 25. Rxd8+ Rxd8 26. h3 h6 27. Qc2 Rc8 28. Qe2 Qb4 29. Ne1 Qa3 30. Nd3 e5 31. Be4 Be7 32. Rc2 Bd6 33. Qg4 Rd8 34. Qf5 g6 35. Qf6 Be7 36. Qxe5 Rc8 37. Bd5 Qd6 38. Qxd6 Bxd6 39. Bc4 Kg7 40. Kf1 Be7 41. Ke2 Bf6 42. Nf4 Re8+ 43. Kf3 Re1 44. Ng2 Bd4 45. Ne3 Rb1 46. Kg2 Rb2 47. Bd3 a5 48. Kf3 b5 49. Ke4 Bf6 50. Nd5 a4 51. Nxf6 Kxf6 52. Rxb2 cxb2 53. Bc2 Ke6 54. Kd4 f5 55. bxa4 bxa4 56. Kc3 a3 57. Kb3 Kd5 58. Kxa3 Kd4 59. Kxb2 Kc4 60. a4 1-0

[Event "German-ch Blitz Women 2022"]
[Site "Magdeburg"]
[Date "2022.08.13"]
[Round "4.12"]
[White "Doll, Rebecca"]
[Black "Wulf, Constanze"]
[Result "1-0"]
[ECO "B01"]
[WhiteElo "1933"]
[BlackElo "1835"]
[Annotator "TA"]
[PlyCount "60"]
[EventDate "2022.08.10"]
[EventType "tourn"]
[EventCountry "GER"]
[SourceTitle "playchess.com"]
[Source "ChessBase"]
[SourceQuality "1"]
[TimeControl "180+2"]

1. e4 d5 2. exd5 Qxd5 3. Nc3 Qd6 4. d4 Nf6 5. Nf3 a6 6. Ne5 (6. Bd3 $14) 6... e6 {[%emt 0:00:46] B01: Scandinavian Defence.} ({Black should try} 6... Nc6 $11) 7. Bf4 {[%emt 0:00:02][%cal Oe5g6] [#] Hoping for Ng6!} Qd8 8. Be2 Bb4 {[%emt 0:00:04] White is slightly better.} 9. O-O O-O 10. Qd3 {[%emt 0:00:19] [#]} Nbd7 $146 ({Predecessor:} 10... Bxc3 11. bxc3 Nd5 12. Bd2 Nd7 13. f4 Qe7 14. Qh3 f5 15. c4 N5f6 16. Nd3 Qd6 {1-0 (38) Petkovic,R (2280)-Neaga,H (1794) Senta 2011}) 11. Rad1 {[%emt 0:00:16] 0x0.0002db4efbf0dp-1022s more active pieces. The black rooks are badly placed.} Nb6 (11... Nxe5 $14 12. Bxe5 (12. dxe5 Qxd3 13. Rxd3 Bxc3 $14) 12... Bd6) 12. Ne4 Nbd5 13. Bc1 Bd7 (13... Bd6 $16) 14. c4 $18 Nb6 (14... Nxe4 {is a better defense.} 15. Qxe4 Ba4) 15. c5 Nbd5 (15... Nxe4 $142 16. Qxe4 (16. cxb6 Nf6 $14) 16... Nd5) 16. a3 Ba5 17. b4 Bxb4 (17... Nxe4 $142 18. Nxd7 (18. Qxe4 Nc3 $16) 18... Qxd7) 18. axb4 {[%emt 0:00:01] aiming for Bg5.} Nxb4 $2 (18... Nxe4 19. Nxd7 (19. Qxe4 Nc3 $18) 19... Qxd7) 19. Qf3 $2 (19. Nxf6+ Qxf6 20. Nxd7) 19... Nbd5 $2 (19... Nfd5 20. Qg3 Qe7) 20. Bc4 (20. Bg5 $142) 20... Bb5 (20... Nxe4 {was necessary.} 21. Qxe4 Nc3) 21. Bxb5 axb5 22. Nxf6+ (22. Bg5 $142) 22... Nxf6 (22... Qxf6 {might work better.} 23. Qb3 Qe7) 23. Qxb7 Ra4 24. Qxb5 {[%emt 0:00:08] White is clearly winning.} Rxd4 25. Nc6 Rxd1 26. Nxd8 Rxf1+ (26... Rdxd8 $142 27. Bb2 Nd5) 27. Kxf1 Rxd8 28. Bg5 Rd1+ 29. Ke2 {[%emt 0:00:01] [#] Threatening mate with Qb8+.} Rd8 {[%emt 0:00:05] Prevents Qb8.} 30. Bxf6 gxf6 {[%emt 0:00:01] Black got outplayed after the opening.  Weighted Error Value: White=0.66/Black=0.88} 1-0

[Event "German-ch Blitz Women 2022"]
[Site "Magdeburg"]
[Date "2022.08.13"]
[Round "5.1"]
[White "Wulf, Constanze"]
[Black "Paehtz, Elisabeth"]
[Result "0-1"]
[ECO "A05"]
[WhiteElo "1835"]
[BlackElo "2484"]
[Annotator "TA"]
[PlyCount "52"]
[EventDate "2022.08.10"]
[EventType "tourn"]
[EventCountry "GER"]
[SourceTitle "playchess.com"]
[Source "ChessBase"]
[SourceQuality "1"]
[TimeControl "180+2"]

1. Nf3 Nf6 2. b3 g6 3. Bb2 Bg7 4. e3 O-O 5. Be2 d6 6. c4 e5 7. d3 {[%emt 0:00:07] 7.0-0 is the fancy move.} Qe7 {[%emt 0:00:04] A15: English Opening: 1...Nf6.} 8. O-O c6 {[%emt 0:00:01] [#]} 9. Qc2 $146 ({Predecessor:} 9. Nbd2 Nbd7 10. Qc2 Re8 11. Rfd1 h6 12. Ba3 c5 13. Ne4 b6 14. Nfd2 Bb7 15. Bf3 {1-0 (49) Bozic,V-Jandric,D (2058) Paracin 2013}) 9... Re8 10. Re1 Nbd7 11. Nc3 Nf8 12. b4 Bf5 13. Qb3 h6 14. b5 Ne6 15. a4 Nc5 16. Qd1 Rad8 17. d4 Nce4 18. a5 $2 {[%emt 0:00:36] [#]} ({White should play} 18. Nxe4 $11 Nxe4 19. Qb3) 18... Nxc3 {[%emt 0:00:04] Black is more active.} (18... Nxf2 $1 $17 19. Qd2 (19. Kxf2 $2 Ng4+ 20. Kg1 exd4 $19) 19... N6e4 20. Nxe4 Nxe4) 19. Bxc3 $11 Ne4 20. Bb2 c5 21. d5 Nxf2 22. Kxf2 {Black must now prevent Nd2.} e4 $1 {[%csl LRb2,LRf3] [#]} 23. Bxg7 (23. Nd4 $1 $11 cxd4 24. Bxd4) 23... exf3 $15 24. Bxf3 Kxg7 25. Qd2 (25. Qb3 $15) 25... Qe5 ({Black should try} 25... Qh4+ $17 26. Kg1 Qxc4) 26. b6 axb6 {Weighted Error Value: White=0.32/Black=0.27 (precise)} ({Don't play} 26... Qxh2 27. Rh1 Qe5 28. e4 (28. bxa7 h5 $15)) 0-1

[Event "German-ch Blitz Women 2022"]
[Site "Magdeburg"]
[Date "2022.08.13"]
[Round "5.2"]
[White "Stangl, Anita"]
[Black "Doll, Rebecca"]
[Result "1-0"]
[ECO "C51"]
[WhiteElo "2023"]
[BlackElo "1933"]
[Annotator "NA RC"]
[PlyCount "122"]
[EventDate "2022.08.10"]
[EventType "tourn"]
[EventCountry "GER"]
[SourceTitle "playchess.com"]
[Source "ChessBase"]
[SourceQuality "1"]
[TimeControl "180+2"]

1. e4 e5 2. Nf3 Nc6 3. Bc4 Bc5 4. b4 Bxb4 5. c3 Be7 6. d4 Na5 7. Nxe5 Nxc4 8. Nxc4 d5 9. exd5 Qxd5 10. Ne3 Qd8 11. O-O Nf6 12. Bb2 O-O 13. Nd2 Be6 14. Nf3 Nd5 15. Qc2 Nf4 16. c4 c6 17. Rfe1 Qc7 18. Ne5 f6 19. Nd3 Nxd3 20. Qxd3 Bf7 21. Rac1 Bg6 22. Qb3 Qb6 23. d5 Bc5 24. Rcd1 Qxb3 25. axb3 Bxe3 26. Rxe3 cxd5 27. cxd5 Rfe8 28. d6 Rxe3 29. fxe3 Rd8 30. Rd2 Kf7 31. Ba3 Ke6 32. Kf2 Kd7 33. Rd4 Rc8 34. Rc4 Rxc4 35. bxc4 b6 36. Kf3 Bd3 37. c5 bxc5 38. Bxc5 a5 39. e4 a4 40. Ke3 Bf1 41. g3 Bb5 42. Kd4 Bc6 43. e5 fxe5+ 44. Kxe5 Bb5 45. Bd4 Bc4 46. Bb2 Bb3 47. g4 Be6 48. g5 Bg4 49. Kd5 g6 50. Ke5 Bd1 51. Ba3 Bb3 52. Kf6 Bc2 53. Kg7 Ke6 54. Kxh7 Bf5 55. Kg7 Be4 56. h4 Bf5 57. Kh6 Bg4 58. Kxg6 Bf5+ 59. Kg7 Be4 60. g6 Bf5 61. h5 Kd5 1-0